 Dungeon Crawl Stone Soup version 0.31-a0-925-g0a390f2509 (webtiles) character file.

Game seed: 16287171148950014837

693 Shayle the Ruffian (level 7, -3/54 HPs)
             Began as a Human Shapeshifter on Oct 18, 2023.
             Was an Initiate of Ashenzari.
             Slain by a gnoll
             ... wielding a +0 spear
              (6 damage)
             ... on level 5 of the Dungeon.
             The game lasted 00:21:40 (3938 turns).

Shayle the Ruffian (Human Shapeshifter)             Turns: 3938, Time: 00:21:41

Health: -3/54      AC:  5    Str: 15    XL:     7   Next: 96%
Magic:  7/7        EV: 11    Int: 12    God:    Ashenzari [......]
Gold:   255        SH:  0    Dex: 18    Spells: 6/6 levels left

rFire   + . .        z - +2 whip (holy)
rCold   . . .        (no shield)
rNeg    . . .        g - +0 ring mail
rPois   .            (helmet currently unavailable)
rElec   .            (cloak currently unavailable)
rCorr   .            (gloves currently unavailable)
SInv    .            (boots currently unavailable)
Will    .....        (no amulet)
Stlth   +            q - +6 ring of dexterity
HPRegen 0.29/turn    j - ring of protection from fire
MPRegen 0.10/turn

%: no passive effects
@: beast-form, studying Maces & Flails
A: beast (slay +2)
a: Begin Untransformation, Renounce Religion, Curse Item


You were on level 5 of the Dungeon.
You worshipped Ashenzari.
Ashenzari was noncommittal.
You were a hulking beast.
You visited 2 branches of the dungeon, and saw 6 of its levels.
You also visited: Ossuary.

You collected 315 gold pieces.
You spent 60 gold pieces at shops.

Inventory:

Hand Weapons
 l - a +0 dagger of electrocution
 r - a +0 flail of holy wrath
 v - a +0 broad axe
 y - a +3 dagger
 z - a +2 whip of holy wrath (weapon)
Armour
 a - a +0 animal skin
 e - a +2 pair of boots
 g - a +0 ring mail (worn)
 h - a +3 leather armour
Jewellery
 j - a ring of protection from fire (right hand)
 k - a ring of protection from cold
 o - an amulet of faith
 q - a +6 ring of dexterity (left hand)
 s - a +6 ring of intelligence
Talismans
 c - a beast talisman (active)
 d - a flux talisman
Wands
 p - a wand of flame (17)
Scrolls
 f - a scroll of immolation {unknown}
 i - 2 scrolls of vulnerability
 n - 3 scrolls of identify
 t - a scroll of fog {unknown}
 u - 3 scrolls of enchant armour
 x - a scroll of poison {unknown}
 B - a scroll of noise {unknown}
Potions
 b - a potion of haste {unknown}
 m - 3 potions of cancellation {unknown}
 w - 2 potions of might {unknown}
 C - 2 potions of brilliance {unknown}


   Skills:
 + Level 4.0 Fighting
 + Level 3.8 Armour
 - Level 2.0 Dodging
 + Level 5.0 Unarmed Combat
 + Level 4.7 Shapeshifting


You had 6 spell levels left.
You didn't know any spells.
Your spell library was empty.

Dungeon Overview and Level Annotations

Branches:
Dungeon (5/15)             Temple (1/1) D:4         Ossuary (visited)

Altars:
Ashenzari
Cheibriados
Dithmenos
Elyvilon
Fedhas
Gozag
Hepliaklqana
Kikubaaqudgha
Makhleb
Okawaru
Ru
Trog
Uskayaw
The Shining One

Shops:
D:2 (!:?*


Message History

* * * LOW HITPOINT WARNING * * *
The gnoll closely misses you. The gnoll hits you with a +0 spear.
* * * LOW HITPOINT WARNING * * *
Items here: )) ††.
You feel better. The gnoll hits you but does no damage.
The gnoll barely misses you.
Okay, then.
The gnoll hits you from afar with a +0 spear.
* * * LOW HITPOINT WARNING * * *
The gnoll attacks as it pursues you! The gnoll hits you but does no damage.
The gnoll attacks as it pursues you!
The gnoll hits you from afar with a +0 spear.
* * * LOW HITPOINT WARNING * * *
The gnoll attacks as it pursues you!
The gnoll hits you from afar with a +0 spear.
* * * LOW HITPOINT WARNING * * *
The gnoll hits you but does no damage.
You hit the gnoll.
The gnoll is moderately wounded.
The gnoll hits you but does no damage. The gnoll closely misses you.
You hit the gnoll.
The gnoll is heavily wounded.
The gnoll hits you with a +0 spear.
* * * LOW HITPOINT WARNING * * *
The gnoll barely misses you.
You hit the gnoll.
The gnoll is severely wounded.
The gnoll hits you with a +0 spear.
* * * LOW HITPOINT WARNING * * *
The gnoll hits you from afar with a +0 spear.
* * * LOW HITPOINT WARNING * * *
You closely miss the gnoll.
The gnoll is severely wounded.
The gnoll barely misses you.
The gnoll hits you from afar with a +0 spear.
* * * LOW HITPOINT WARNING * * *
You whack the gnoll!
You kill the gnoll!
The gnoll hits you from afar with a +0 spear.
You die...

#### ..# #.# #.# ## ####
#h# #.# #... #)# #.# #.##
#g# #.# #.#. ∩ #.# #.#
#).. #.# #.# #..#
#.######.# #.##
#....g.).# #..#
###############.#######..
w........g..g..g.........


You could see a gnoll.

Vanquished Creatures
  2 ogres (D:5)
  2 centaur zombies (Ossuary)
  A jelly (D:4)
  2 human zombies (Ossuary)
  2 orc priests (D:4)
  Terence (D:2)
  2 orc wizards
  An iguana (D:5)
  2 mummies (Ossuary)
  5 gnolls (D:5)
  6 adders
  2 adder zombies (Ossuary)
  2 dart slugs (D:1)
  9 orcs
  6 bats
  7 endoplasms
  A giant cockroach (D:4)
  3 goblins
  5 hobgoblins
  6 jackals
  4 quokkas
  5 ball pythons
  2 frilled lizards
  2 goblin zombies (Ossuary)
  9 hobgoblin zombies (Ossuary)
  A jackal zombie (Ossuary)
  9 kobolds
  8 kobold zombies (Ossuary)
  8 orc zombies (Ossuary)
  2 rats (D:1)
  3 rat zombies (Ossuary)
120 creatures vanquished.

Notes
Turn   | Place    | Note
-------+----------+-------------------------------------------
     0 | D:1      | Shayle the Human Shapeshifter began the quest for the Orb.
     0 | D:1      | Reached XP level 1. HP: 15/15 MP: 1/1
   206 | D:1      | Reached XP level 2. HP: 15/21 MP: 2/2
   606 | D:1      | Reached skill level 1 in Armour
   606 | D:1      | Reached XP level 3. HP: 23/26 MP: 3/3
   801 | D:2      | Found Cixzack's Book Boutique.
   804 | D:2      | Found Kybrane's Magic Scroll Emporium.
   869 | D:2      | Found Gimacih's Weapon Emporium.
   888 | D:2      | Found Cimurch's Distillery.
   894 | D:2      | Bought a potion of curing for 30 gold pieces
   894 | D:2      | Bought a potion of curing for 30 gold pieces
   957 | D:2      | Found Munyodam's General Store.
  1045 | D:2      | Noticed Terence
  1054 | D:2      | Killed Terence
  1055 | D:2      | Reached XP level 4. HP: 16/33 MP: 4/4
  1586 | D:3      | Found a hazy altar of Hepliaklqana.
  1594 | D:3      | Reached XP level 5. HP: 37/38 MP: 5/5
  1952 | D:3      | Found an iron altar of Okawaru.
  2579 | D:4      | Found a white marble altar of Elyvilon.
  2780 | D:4      | Found a staircase to the Ecumenical Temple.
  2789 | Temple   | Entered the Ecumenical Temple
  2797 | Temple   | Became a worshipper of Ashenzari the Shackled
  2841 | D:3      | Reached skill level 4 in Unarmed Combat
  2841 | D:3      | Reached XP level 6. HP: 33/46 MP: 6/6
  3396 | D:5      | Entered Level 5 of the Dungeon
  3396 | D:5      | Noticed an ogre
  3423 | D:5      | Killed an ogre
  3424 | D:5      | Reached XP level 7. HP: 36/52 MP: 7/7
  3498 | D:5      | Found a sand-covered staircase.
  3503 | Ossuary  | Entered an ossuary
  3913 | D:5      | Reached skill level 5 in Unarmed Combat
  3937 | D:5      | HP: 2/54 [gnoll/+0 spear (3)]
  3938 | D:5      | Slain by a gnoll

Illustrated notes

Levels and vault maps discovered:
D:1:      dpeg_arrival_court, layout_basic
D:2:      layout_basic, serial_shops, shop, shop, shop, shop, shop, uniq_terence
D:3:      layout_basic, overflow_temple_1_default, overflow_temple_1_default,
          nicolae_figureground_sparkle
D:4:      layout_gridville, amcnicky_altar_gilded,
          minmay_temple_entry_overgrown, corexii_shack
D:5:      layout_basic, lightli_sewer_entry_pipes, enter_ossuary_5,
          serial_curves, eino_curves_02, eino_curves_04
Temple:   chequers_temple_sunken

Skill      XL: |  1  2  3  4  5  6  7 |
---------------+----------------------+-----
Armour         | 1 2 3 |  3.8
Fighting       | 2 3 4 |  4.0
Unarmed Combat | 4 5 |  5.0
Shapeshifting  | 4 |  4.7
Dodging        | |  2.0

Action                     |  1- 3 |  4- 6 |  7- 9 || total
---------------------------+-------+-------+-------++-------
  Melee: Unarmed           |    97 |   149 |    26 ||   272
         Punch             |       |     7 |     5 ||    12
         Whip              |       |       |   106 ||   106
    Use: Potion            |     2 |     3 |     3 ||     8
         Scroll            |       |     6 |       ||     6
   Stab: Sleeping          |       |     1 |       ||     1
 Armour: Animal skin       |     7 |       |       ||     7
         Ring mail         |    49 |    93 |    98 ||   240
         Skin              |     2 |       |     2 ||     4
  Dodge: Dodged            |    43 |    74 |    96 ||   213

Table legend: (Time is in decaauts)
 A = Elapsed time spent in this place.
 B = Non-inter-level travel time spent in this place.
 C = Inter-level travel time spent in this place.
 D = Time resting spent in this place.
 E = Time spent auto-exploring this place.
 F = Levels seen in this place.
 G = Mean time per level.
                   A        B        C        D        E       F      G
               +--------+--------+--------+--------+--------+-----+--------+
         Total |   3927 |   3777 |    150 |    521 |   1936 |   7 |  561.0 |
       Dungeon |   3464 |   3314 |    150 |    306 |   1936 |   5 |  692.8 |
        Temple |     94 |     94 |      0 |     77 |      0 |   1 |   94.0 |
       Ossuary |    367 |    367 |      0 |    138 |      0 |   1 |  367.0 |
               +--------+--------+--------+--------+--------+-----+--------+

Top non-repeatable levels by time:
     D:4: 1132 daAuts
     D:3: 800 daAuts
     D:1: 715 daAuts
     D:2: 636 daAuts
 Ossuary: 367 daAuts
     D:5: 180 daAuts
  Temple: 94 daAuts
